 Dungeon Crawl Stone Soup version 0.18.1-8-gdd0e5ea (webtiles) character file.

127 sveltemanboy the Charmwright (level 4, -1/29 HPs)
             Began as a High Elf Skald on May 26, 2016.
             Slain by a gnoll (5 damage)
             ... on level 3 of the Dungeon.
             The game lasted 00:07:51 (3164 turns).

sveltemanboy the Charmwright (High Elf Skald)       Turns: 3164, Time: 00:07:52

Health: -1/29      AC:  5    Str: 11    XL:     4   Next: 85%
Magic:  6/8        EV: 11    Int: 16    God:
Gold:   124        SH:  0    Dex: 15    Spells: 3 memorised, 1 level left

rFire  + . .     SeeInvis .     a - +0 falchion
rCold  . . .     Gourm    .     e - +0 ring mail
rNeg   + . .     Faith    .     (no shield)
rPois  .         Spirit   .     (no helmet)
rElec  .         Dismiss  .     (no cloak)
rCorr  .         Reflect  .     (no gloves)
SustAt .         Harm     .     (no boots)
MR     .....                    (no amulet)
Stlth  +.........               l - ring of positive energy
                                n - ring of protection from fire

@: infused, not resistant to hostile enchantments, very unstealthy
A: no striking features
a: no special abilities


You were on level 3 of the Dungeon.
You were not hungry.

You visited 1 branch of the dungeon, and saw 3 of its levels.

You collected 124 gold pieces.

Inventory:

Hand Weapons
 a - a +0 falchion (weapon)
Armour
 e - a +0 ring mail (worn)
Jewellery
 b - an uncursed ring of flight
 l - a ring of positive energy (right hand)
 m - an uncursed ring of resist corrosion
 n - a ring of protection from fire (left hand)
Scrolls
 f - a scroll of recharging {unknown}
 h - 3 scrolls of identify {unknown}
 j - a scroll of magic mapping {unknown}
Potions
 g - a potion of flight {unknown}
 i - a potion of haste {unknown}
 k - a potion of ambrosia {unknown}
Books
 c - a book of Battle

   Spells                             Type                      Level
   a - Infusion                       Charms                       1
   b - Shroud of Golubria             Charms/Translocation         2
   c - Song of Slaying                Charms                       2
   d - Spectral Weapon                Hexes/Charms                 3
   e - Regeneration                   Charms/Necromancy            3
Comestibles
 d - a bread ration
 o - 4 fruits
 p - 3 chunks of flesh


   Skills:
 - Level 2.0 Fighting
 * Level 4.3 Long Blades
 + Level 1.6 Armour
 - Level 2.0 Dodging
 - Level 2.4 Spellcasting
 + Level 1.4 Hexes
 + Level 4.3 Charms


You had one spell level left.
You knew the following spells:

 Your Spells              Type           Power        Failure   Level  Hunger
a - Infusion              Chrm           ###.         12%         1    #......
b - Shroud of Golubria    Chrm/Tloc      #.........   34%         2    ###....
c - Spectral Weapon       Hex/Chrm       ##......     54%         3    ###....


Dungeon Overview and Level Annotations

Branches:
Dungeon (3/15)

Altars:
Nemelex Xobeh
Pakellas
Ru
Xom

Annotations:
D:3 PeterLawrence's ghost, amateur MiFi


Message History

You are no longer poisoned.
p - 3 chunks of flesh (gained 2)
You see here an adder skeleton.
Things that are here:
3 tomahawks; a leather armour
There is a stone staircase leading up here.
You start resting.
You start resting.
The gnoll shouts!
There is a stone staircase leading up here.
A gnoll is nearby!
Casting: Infusion
Confirm with . or Enter, or press ? or * to list all spells.
You begin infusing your attacks with magical energy.
You barely miss the gnoll. The gnoll hits you.
* * * LOW HITPOINT WARNING * * *
You are too injured to fight recklessly!
You closely miss the gnoll. The gnoll hits you but does no damage.
You closely miss the gnoll. The gnoll hits you.
You die...

# .. #. # #(
#.#.### # ..
#.#...#.##...
#.....#....##
#....@)......
#$..÷g#......
#..............
###[...........
#<.....%.....
##..........)
#######.....
..... .....


You could see a gnoll.

Vanquished Creatures
  3 adders
  2 gnolls (D:2)
  An ooze (D:1)
  5 dart slugs
  3 worms (D:2)
  2 giant geckos
  An orc (D:3)
  A goblin (D:2)
  7 hobgoblins
  2 jackals (D:1)
  10 kobolds
  3 quokkas (D:2)
  7 bats
  5 giant newts
  7 rats
59 creatures vanquished.

Vanquished Creatures (others)
  An ugly thing (D:2)
1 creature vanquished.

Grand Total: 60 creatures vanquished

Notes
Turn   | Place    | Note
--------------------------------------------------------------
     0 | D:1      | sveltemanboy the High Elf Skald began the quest for the Orb.
     0 | D:1      | Reached XP level 1. HP: 14/14 MP: 4/4
   234 | D:1      | Reached skill level 1 in Armour
   320 | D:1      | Reached XP level 2. HP: 13/19 MP: 6/6
   413 | D:1      | Learned a level 2 spell: Shroud of Golubria
  1125 | D:1      | Reached XP level 3. HP: 24/24 MP: 7/7
  1133 | D:1      | Learned a level 3 spell: Spectral Weapon
  1278 | D:2      | Found a sacrificial altar of Ru.
  1279 | D:2      | Found a shimmering altar of Xom.
  1623 | D:2      | Found a sparkling altar of Nemelex Xobeh.
  1652 | D:2      | Reached skill level 1 in Hexes
  2109 | D:2      | Found an oddly glowing altar of Pakellas.
  2109 | D:2      | Noticed a red ugly thing
  2136 | D:2      | Killed a white ugly thing
  2286 | D:2      | Reached XP level 4. HP: 19/29 MP: 3/8
  2621 | D:3      | Noticed PeterLawrence's ghost (amateur MiFi)
  3164 | D:3      | Slain by a gnoll

Skill      XL: |  1  2  3  4 |
---------------+-------------+-----
Armour         | 1 |  1.6
Long Blades    | 3 4 |  4.3
Charms         | 4 |  4.3
Dodging        | 2 |  2.0
Hexes          | 1 |  1.4
Fighting       | |  2.0
Spellcasting   | |  2.4

Action                   |  1- 3 |  4- 6 || total
-------------------------+-------+-------++-------
Melee: Falchion          |   177 |    53 ||   230
 Cast: Infusion          |     5 |     3 ||     8
  Eat: Chunk             |     5 |     2 ||     7
Armor: Ring mail         |    73 |    22 ||    95
Dodge: Dodged            |    99 |    52 ||   151
